 Dungeon Crawl Stone Soup version 0.24.0-41-g2ae2f7f1be (webtiles) character file.

Game seed: 14116071421532481780, levelgen mode: deterministic

56525 Curus the Warrior (level 14, -6/99 HPs)
             Began as a Gargoyle Gladiator on Dec 14, 2019.
             Was a High Priest of Trog.
             Mangled by an ettin
             ... wielding a +0 dire flail
              (13 damage)
             ... on level 1 of the Orcish Mines on Dec 15, 2019.
             The game lasted 01:24:16 (15517 turns).

Curus the Warrior (Gargoyle Gladiator)             Turns: 15517, Time: 01:24:17

Health: -6/99      AC: 37    Str: 25    XL:     14   Next: 82%
Magic:  5/5        EV: 11    Int: 12    God:    Trog [*****.]
Gold:   1229       SH:  0    Dex: 17    Spells: 13/13 levels left

rFire    + . .     SeeInvis +   J - +4 lajatang (antimagic)
rCold    + + .     Gourm    .   (shield currently unavailable)
rNeg     + . .     Faith    .   v - +3 plate armour {rC+}
rPois    ∞         Spirit   .   X - +2 hat {SInv}
rElec    +         Reflect  .   T - scarf {cloud immunity}
rCorr    .         Harm     .   u - +1 pair of gloves {Str+3}
MR       +....                  p - +1 pair of boots of the World {rPois rC+ Dex+2}
Stlth    ..........             B - amulet of regeneration
HPRegen  0.66/turn              K - ring of protection from fire
MPRegen  0.09/turn              l - ring of see invisible

@: flying
A: big wings, fangs 1, horns 1, repulsion field 1, clever 1, high mp 1, negative
energy resistance 1, electricity resistance, strong 2, unbreathing,
petrification resistance, rot immunity, AC +10
a: Stop Flying, Berserk, Trog's Hand, Brothers in Arms, Renounce Religion


You were on level 1 of the Orcish Mines.
You worshipped Trog.
Trog was extremely pleased with you.
You were not hungry.

You visited 3 branches of the dungeon, and saw 19 of its levels.
You also visited: Gauntlet, Ice Cave and Volcano.

You collected 1229 gold pieces.

Inventory:

Hand Weapons
 a - a +4 quarterstaff of flaming
 J - a +4 antimagic lajatang (weapon)
Missiles
 d - 8 throwing nets (quivered)
Armour
 c - a +1 helmet
 e - a +0 cloak
 p - the +1 pair of boots of the World (worn) {rPois rC+ Dex+2}
   (You found it in a Gauntlet)

   It affects your dexterity (+2).
   It protects you from cold.
   It protects you from poison.
 u - a +1 pair of gloves of strength (worn)
 v - a +3 plate armour of cold resistance (worn)
 z - a +4 plate armour
 G - +0 fire dragon scales
 T - a scarf of cloud immunity (worn)
 X - a +2 hat of see invisible (worn)
Jewellery
 l - a ring of see invisible (right hand)
 x - an uncursed ring of fire
 B - an amulet of regeneration (around neck)
 C - an uncursed ring of protection from cold
 F - an uncursed amulet of guardian spirit
 K - a ring of protection from fire (left hand)
 M - an uncursed ring of magical power
 O - an uncursed ring of fire
 P - an uncursed amulet of faith
 V - an uncursed ring of ice
 Y - an uncursed amulet of magic regeneration
Wands
 h - a wand of disintegration (17)
 i - a wand of paralysis (10)
 o - a wand of digging (7)
 t - a wand of clouds (3)
 A - a wand of enslavement (4)
 D - a wand of flame (42)
 I - a wand of polymorph (18)
 S - a wand of iceblast (5)
Scrolls
 b - a scroll of summoning
 g - 26 scrolls of identify
 j - 4 scrolls of amnesia
 q - 6 scrolls of enchant weapon
 r - a scroll of fog
 s - 4 scrolls of teleportation
 y - 6 scrolls of remove curse
 E - 2 scrolls of blinking
 N - a scroll of holy word
 Q - 8 scrolls of magic mapping
 U - a scroll of fear
Potions
 k - 4 potions of heal wounds
 m - 5 potions of curing
 n - 6 potions of lignification
 w - 3 potions of flight
 H - a potion of brilliance
 L - 2 potions of might
 R - 2 potions of resistance
 W - 2 potions of haste
Comestibles
 f - 33 rations


   Skills:
 - Level 15.9 Fighting
 - Level 14.0 Staves
 - Level 1.7 Throwing
 - Level 15.7 Armour
 - Level 2.4 Dodging
 + Level 1.0 Evocations


You had 13 spell levels left.
You didn't know any spells.
Your spell library was empty.

Dungeon Overview and Level Annotations

Branches:
Dungeon (12/15)            Temple (0/1) D:7            Lair (6/6) D:10
  Swamp (0/4) Lair:3       Spider (0/4) Lair:3        Slime (0/5) Lair:6
    Orc (1/2) D:12          IceCv (visited)         Volcano (visited)
Gauntlet (visited)

Altars:
Ashenzari
Cheibriados
Dithmenos
Elyvilon
Gozag
Nemelex Xobeh
Sif Muna
Trog
Vehumet
The Shining One
Jiyva


Innate Abilities, Weirdness & Mutations

You are resistant to torment.
Your stone body is resilient. (AC +10)
You are immune to poison.
Your large and strong wings let you fly indefinitely.
You resist negative energy. (rN+)
You are resistant to electric shocks. (rElec)
You can survive without breathing.
You are immune to petrification.
You are immune to rotting.
You have very sharp teeth.
You have a pair of small horns on your head.
You are surrounded by a mild repulsion field. (EV +2)
Your mind is acute. (Int +2)
You have an increased reservoir of magic. (+10% MP)
Your muscles are very strong. (Str +4)


Message History

The ettin is moderately wounded.
The orc barely misses you. x2
The ettin hits you with a +0 dire flail!
The ettin hits you with a +0 dire flail!!
* * * LOW HITPOINT WARNING * * *
Your two-headed ogre goes berserk!
You feel somewhat more hungry. The orc misses you.
The orc hits you but does no damage.
You see here a +0 flail.
Your two-headed ogre hits the orc with a +0 giant club!!
The orc dies!
Trog accepts your kill.
You hit the ettin but do no damage.
The ettin is moderately wounded.
Your two-headed ogre hits the ettin with a +0 giant club!!
Your two-headed ogre hits the ettin with a +0 giant club!
The ettin hits you with a +0 dire flail!
* * * LOW HITPOINT WARNING * * *
The ettin hits you with a +0 dire flail!
You die...

#.# ## ##..# #$#
.....# ####...
......# ......#
....>. ......
..##...###...##..
........o))......
#......@C)..#
.#...##.O)###
#..###..).## .
#....#$..## ..$
#...##....#
....###....#....#
##...#......###
#....<#.....#
........##..###


You could see an ettin, an orc and a friendly two-headed ogre (berserk).

Vanquished Creatures
  Gastronok (D:11)
  A minotaur (Gauntlet)
  A green death (Gauntlet)
  Erolcha (D:11)
  Harold (D:9)
  A merfolk avatar (Lair:6)
  2 hydras (Lair:5)
  3 two-headed ogres
  5 death yaks (Lair:5)
  Nergalle (Lair:1)
  2 lindwurms (Volcano)
  2 harpies (Lair:6)
  A necromancer (IceCv)
  5 oklob plants (Lair:4)
  A cyclops (D:11)
  A manticore (Lair:6)
  A moth of wrath (Gauntlet)
  9 elephants
  A black mamba (Lair:6)
  3 molten gargoyles (Volcano)
  2 orange demons (Gauntlet)
  3 ice statues (IceCv)
  11 spiny frogs
  7 ice devils (IceCv)
  7 komodo dragons
  7 rime drakes
  An efreet (Volcano)
  5 trolls
  4 polar bears (Lair:6)
  Grinder (D:3)
  A wind drake (Lair:6)
  5 hornets (Lair:6)
  10 blink frogs
  2 bog bodies (Lair:3)
  5 hippogriffs
  An air elemental (D:11)
  3 redbacks
  A wraith (D:11)
  A spriggan (D:7)
  37 yaks
  3 basilisks
  2 wyverns (Lair:6)
  3 fire bats (Lair:3)
  5 fire elementals
  A steam dragon (D:9)
  Duvessa (D:6)
  7 water moccasins
  7 porcupines
  A hornet zombie (D:12)
  2 ice beasts
  2 sky beasts
  An eye of draining (D:11)
  9 orc warriors
  4 phantoms
  5 ogres
  2 necrophages (D:10)
  13 crocodiles
  3 centaurs
  2 big kobolds
  14 bullfrogs
  4 earth elementals
  Dowan (D:6)
  3 scorpions
  15 killer bees
  14 wights
  10 electric eels
  3 howler monkeys
  7 crimson imps
  3 hounds
  A bullfrog zombie (D:12)
  4 draconian simulacra (IceCv)
  A bullfrog skeleton (D:4)
  11 orc priests
  A centaur skeleton (D:7)
  5 jellies
  5 iguanas
  Terence (D:3)
  Natasha (twice) (D:3)
  7 orc wizards
  3 troll simulacra (IceCv)
  8 worker ants
  A killer bee zombie (D:8)
  A hound skeleton (D:3)
  An ogre simulacrum (IceCv)
  10 adders
  2 howler monkey skeletons
  2 naga simulacra (IceCv)
  3 shadow imps
  An ooze (D:1)
  An adder zombie (D:7)
  An adder skeleton (D:6)
  7 worms
  3 dart slugs
  4 leopard geckos
  43 orcs
  A ball python (D:1)
  4 giant cockroaches
  11 goblins
  3 hobgoblins
  17 jackals
  10 kobolds
  3 quokkas
  9 bats
  6 frilled lizards
  7 rats
  A bush (Lair:4)
  A fire vortex (Volcano)
  3 plants (Lair:4)
509 creatures vanquished.

Vanquished Creatures (collateral kills)
  A yak (D:10)
  A bullfrog (D:10)
  A worker ant (D:10)
  An orc (Orc:1)
4 creatures vanquished.

Vanquished Creatures (others)
  A water elemental (D:11)
  An iguana (D:9)
  A fire vortex (Volcano)
  9 fungi
  13 plants
  A withered plant (Gauntlet)
26 creatures vanquished.

Grand Total: 539 creatures vanquished

Notes
Turn   | Place    | Note
-------+----------+-------------------------------------------
     0 | D:1      | Curus the Gargoyle Gladiator began the quest for the Orb.
     0 | D:1      | Reached XP level 1. HP: 12/12 MP: 1/1
   381 | D:1      | Reached XP level 2. HP: 17/17 MP: 2/2
   602 | D:1      | Reached XP level 3. HP: 16/21 MP: 3/3
  1003 | D:2      | Reached skill level 5 in Staves
  1003 | D:2      | Reached XP level 4. HP: 18/26 MP: 4/4
  1009 | D:2      | Gained mutation: You evolve. [potion of mutation]
  1009 | D:2      | Gained mutation: You are surrounded by a mild repulsion
                  | field. (EV +2) [potion of mutation]
  1009 | D:2      | Gained mutation: Your muscles are strong. (Str +2) [potion
                  | of mutation]
  1570 | D:2      | Reached XP level 5. HP: 30/30 MP: 5/5
  1714 | D:2      | Gained mutation: Your mind is acute. (Int +2) [evolution]
  1727 | D:3      | Noticed Natasha
  1734 | D:3      | Killed Natasha
  1770 | D:3      | Noticed Natasha
  1781 | D:3      | Killed Natasha
  1781 | D:3      | Reached XP level 6. HP: 30/35 MP: 6/6
  1788 | D:3      | Noticed Grinder
  1817 | D:3      | Killed Grinder
  1817 | D:3      | Reached XP level 7. HP: 29/40 MP: 7/7
  1863 | D:3      | Noticed Terence
  1878 | D:3      | Killed Terence
  2481 | D:4      | Found a bloodstained altar of Trog.
  2490 | D:4      | Became a worshipper of Trog the Wrathful
  2497 | D:4      | Reached XP level 8. HP: 42/44 MP: 8/8
  2707 | D:5      | Entered Level 5 of the Dungeon
  2754 | D:5      | Found a shimmering blue altar of Sif Muna.
  2755 | D:5      | Found a sparkling altar of Nemelex Xobeh.
  2755 | D:5      | Found a glowing golden altar of the Shining One.
  2758 | D:5      | Found a snail-covered altar of Cheibriados.
  2766 | D:5      | Found a radiant altar of Vehumet.
  2766 | D:5      | Found an opulent altar of Gozag.
  2767 | D:5      | Found a white marble altar of Elyvilon.
  2809 | D:5      | Gained mutation: Your muscles are very strong. (Str +4)
                  | [evolution]
  3023 | D:5      | Reached skill level 10 in Staves
  3495 | D:6      | Gained mutation: You have an increased reservoir of magic.
                  | (+10% MP) [evolution]
  3521 | D:6      | Noticed Dowan
  3522 | D:6      | Noticed Duvessa
  3533 | D:6      | Killed Duvessa
  3533 | D:6      | Reached * piety under Trog
  3535 | D:6      | Killed Dowan
  3572 | D:6      | Reached XP level 9. HP: 48/48 MP: 9/9
  4054 | D:7      | Found a staircase to the Ecumenical Temple.
  4378 | D:7      | Reached ** piety under Trog
  4924 | D:8      | Reached XP level 10. HP: 53/53 MP: 11/11
  5097 | D:8      | Reached *** piety under Trog
  5133 | D:8      | You fall into a shaft and drop 3 floors!
  5144 | D:11     | Reached skill level 1 in Armour
  5170 | D:10     | Entered Level 10 of the Dungeon
  5339 | D:9      | Found a shattered altar of Ashenzari.
  5443 | D:9      | Noticed Harold
  5469 | D:9      | Killed Harold
  5469 | D:9      | Reached skill level 5 in Fighting
  5801 | D:8      | Reached skill level 5 in Armour
  6119 | D:9      | Noticed a two-headed ogre
  6127 | D:9      | Killed a two-headed ogre
  6127 | D:9      | Reached XP level 11. HP: 56/66 MP: 12/12
  6220 | D:9      | Noticed a two-headed ogre
  6230 | D:9      | Killed a two-headed ogre
  6300 | D:9      | Reached **** piety under Trog
  6938 | D:10     | Found a staircase to the Lair.
  6946 | Lair:1   | Entered Level 1 of the Lair of Beasts
  6946 | Lair:1   | Found a shadowy altar of Dithmenos.
  7029 | Lair:1   | HP: 5/103 [komodo dragon (14)]
  7367 | Lair:1   | Noticed Nergalle
  7383 | Lair:1   | Killed Nergalle
  7799 | Lair:2   | Reached ***** piety under Trog
  7802 | Lair:2   | Reached XP level 12. HP: 39/77 MP: 7/13
  7856 | Lair:2   | Reached skill level 10 in Fighting
  8042 | Lair:2   | Reached skill level 10 in Armour
  8158 | Lair:2   | Received a gift from Trog
  8194 | Lair:2   | Found a frozen archway.
  8203 | IceCv    | Entered an ice cave
  9022 | Lair:2   | Gained mutation: You have a pair of small horns on your
                  | head. [evolution]
  9219 | Lair:3   | Found a hole to the Spider Nest.
  9299 | Lair:3   | Found a staircase to the Swamp.
  9437 | Lair:3   | Found a dark tunnel.
  9456 | Volcano  | Entered a volcano
  9822 | Volcano  | Reached XP level 13. HP: 87/87 MP: 14/14
 10253 | Lair:4   | Received a gift from Trog
 11919 | Lair:6   | Entered Level 6 of the Lair of Beasts
 12090 | Lair:6   | Gained mutation: Your large and strong wings let you fly
                  | indefinitely. [Gargoyle growth]
 12090 | Lair:6   | Reached XP level 14. HP: 83/96 MP: 5/15
 12269 | Lair:6   | Gained mutation: You have very sharp teeth. [evolution]
 12269 | Lair:6   | Lost mutation: You evolve. [end of evolution]
 12366 | Lair:6   | Received a gift from Trog
 12413 | Lair:6   | Reached skill level 15 in Fighting
 12677 | Lair:6   | Found a viscous altar of Jiyva.
 12677 | Lair:6   | Found a staircase to the Slime Pits.
 13100 | Lair:4   | Reached skill level 15 in Armour
 14013 | D:11     | Found a large runed translucent door.
 14013 | D:11     | Found a large runed translucent door.
 14050 | D:11     | Noticed Erolcha
 14064 | D:11     | Killed Erolcha
 14234 | D:11     | Noticed Gastronok
 14243 | D:11     | Killed Gastronok
 14648 | D:12     | Found a gate leading to a gauntlet.
 14677 | Gauntlet | Entered a Gauntlet
 14677 | Gauntlet | Found a transporter.
 14686 | Gauntlet | Found a transporter.
 14702 | Gauntlet | Found a transporter.
 14706 | Gauntlet | Found a transporter.
 14727 | Gauntlet | Found a transporter.
 14743 | Gauntlet | Found a transporter.
 14750 | Gauntlet | Found a transporter.
 14780 | Gauntlet | Found the ring of Phasing {EV+8}
 14782 | Gauntlet | Found a transporter.
 14782 | Gauntlet | Found a transporter.
 14786 | Gauntlet | Found a transporter.
 14813 | Gauntlet | Found a transporter.
 14815 | Gauntlet | Found a transporter.
 14899 | Gauntlet | Got a pair of polished boots
 14910 | Gauntlet | Identified the +1 pair of boots of the World {rPois rC+
                  | Dex+2} (You found it in a Gauntlet)
 15293 | Gauntlet | Identified Sif Muna's Incunabulum of Enhancements and Black
                  | Arts
 15293 | Gauntlet | Identified the Disquisition on Attacks and Enchantment
 15455 | D:12     | Found a staircase to the Orcish Mines.
 15460 | Orc:1    | Entered Level 1 of the Orcish Mines
 15511 | Orc:1    | Reached skill level 1 in Evocations
 15517 | Orc:1    | Mangled by an ettin

Levels and vault maps discovered:
D:1:      lemuel_arrival_rhombus, layout_loops_corners, serial_park_tiny_1
D:2:      layout_loops_cross, grunt_ministairs_10, serial_park_tiny_1
D:3:      layout_rooms, uniq_grinder, uniq_terence, uniq_natasha
D:4:      layout_rooms, overflow_temple_1_default, first_ration
D:5:      layout_basic, grunt_temple_overflow_open
D:6:      layout_loops_ring, uniq_duvessa
D:7:      layout_loops_ring, temple_statues, the_bakery
D:8:      layout_basic
D:9:      kennysheep_ambush_hall, layout_basic, nicolae_overflow_crystal_walls,
          uniq_harold
D:10:     layout_basic, grunt_lair_entry_orc_guard_hut
D:11:     layout_basic, lightli_elemental_guards, uniq_gastronok, uniq_erolcha
D:12:     layout_roguey, orc_0_dummy, gauntlet_entry_generic, kennysheep_dice
Lair:1:   layout_hall_layers, basic_altar, small_statue_intersection,
          beast_lair_carwin_2, grunt_megastairs_3, lemuel_fruit_tree,
          uniq_nergalle
Lair:2:   layout_chaotic_city, portal_ice_cave_entry_pillars_1
Lair:3:   layout_concentric_octagons, skrybe_swamp_entry_bodies,
          spider_nest_entry_webs, nicolae_volcano_entry_batcave,
          infiniplex_staircase_pool_2
Lair:4:   minmay_lair_oklob_tunnel, layout_concentric_octagons,
          small_statue_intersection, minmay_lair_oklob_bushes, minmay_holes,
          chequers_serial_rivers_room_a
Lair:5:   layout_regular_city, grunt_megastairs_1
Lair:6:   gammafunk_lair_ancient_temple, layout_gridlike,
          dpeg_slime_entry_enclosed_altar
Orc:1:    layout_diamond_mine

Skill      XL: |  1  2  3  4  5  6  7  8  9 10 11 12 13 14 |
---------------+-------------------------------------------+-----
Staves         | 4 5 6 7 9 11 13 14 | 14.0
Armour         | 5 9 12 14 15 | 15.7
Fighting       | 6 9 12 14 15 | 15.9
Evocations     | 1 |  1.0
Throwing       | |  1.7
Dodging        | |  2.4

Action                   |  1- 3 |  4- 6 |  7- 9 | 10-12 | 13-15 || total
-------------------------+-------+-------+-------+-------+-------++-------
Melee: Quarterstaff      |    90 |    87 |   398 |   728 |    74 ||  1377
       Headbutt          |       |       |       |    33 |   218 ||   251
       Lajatang          |       |       |       |       |   684 ||   684
       Bite              |       |       |       |       |    64 ||    64
Invok: Berserk           |       |       |       |     3 |     3 ||     6
       Trog's Hand       |       |       |       |       |     1 ||     1
       Brothers in Arms  |       |       |       |       |     1 ||     1
 Abil: Fly               |       |       |       |       |     1 ||     1
Evoke: Wand              |       |       |       |     1 |     1 ||     2
  Use: Scroll            |     7 |     3 |     5 |    11 |     6 ||    32
       Potion            |     2 |     6 |     4 |     4 |     2 ||    18
  Eat: Chunk             |       |     3 |    10 |    12 |    16 ||    41
       Ration            |       |       |       |     2 |     2 ||     4
Armor: Leather armour    |     6 |       |       |       |       ||     6
       Ring mail         |    72 |    23 |     9 |       |       ||   104
       Scale mail        |       |       |    40 |       |       ||    40
       Chain mail        |       |       |    25 |       |       ||    25
       Plate armour      |       |       |    62 |   305 |   450 ||   817
       Fire dragon scale |       |       |       |    18 |    13 ||    31
Dodge: Dodged            |    85 |    43 |   149 |   215 |   274 ||   766
